 Dungeon Crawl Stone Soup version 0.28.0-53-g5a82cb258f (webtiles) character file.

Game seed: 5799221575682070573

57 uvd540 the Covered (level 3, -2/33 HPs)
             Began as a Minotaur Fighter on Aug 9, 2022.
             Slain by an adder (3 damage)
             ... on level 2 of the Dungeon.
             The game lasted 00:06:53 (1165 turns).

uvd540 the Covered (Minotaur Fighter)               Turns: 1165, Time: 00:06:53

Health: -2/33      AC:  8    Str: 22    XL:     3   Next: 73%
Magic:  2/2        EV:  9    Int:  5    God:
Gold:   68         SH:  4    Dex:  9    Spells: 2/2 levels left

rFire   . . .      SeeInvis .   a - +1 war axe (flame)
rCold   . . .      Faith    .   c - +0 buckler
rNeg    . . .      Spirit   .   b - +0 scale mail
rPois   .          Reflect  .   (helmet restricted)
rElec   .          Harm     .   (no cloak)
rCorr   .          Rampage  .   e - +0 pair of gloves
Will    .....                   (no boots)
Stlth   ..........              (no amulet)
HPRegen 0.11/turn               (no ring)
MPRegen 0.08/turn               (no ring)

@: mighty
A: horns 2, retaliatory headbutt
a: no special abilities


You were on level 2 of the Dungeon.
You visited 1 branch of the dungeon, and saw 2 of its levels.

You collected 68 gold pieces.

Inventory:

Hand Weapons
 a - a +1 war axe of flaming (weapon)
Armour
 b - a +0 scale mail (worn)
 c - a +0 buckler (worn)
 e - a +0 pair of gloves (worn)
Potions
 g - a potion of attraction {unknown}


   Skills:
 + Level 4.2 Fighting
 + Level 3.1 Axes
 + Level 4.3 Armour
 + Level 4.2 Shields


You had 2 spell levels left.
You didn't know any spells.
Your spell library was empty.

Dungeon Overview and Level Annotations

Branches:
Dungeon (2/15)

Altars:
Sif Muna


Innate Abilities, Weirdness & Mutations

You have a pair of horns on your head.
You reflexively headbutt those who attack you in melee.


Message History

You open the door.
There is an open door here.
An adder comes into view.
The adder hisses angrily.
A hobgoblin comes into view.
You miss the adder. You headbutt the adder.
The adder is moderately wounded.
The adder bites you but does no damage. The adder closely misses you.
You barely miss the adder. You headbutt the adder.
The adder is severely wounded.
You closely miss the hobgoblin. The adder bites you but does no damage.
The hobgoblin hits you but does no damage.
The adder bites you.
You are poisoned.
The adder poisons you!
You barely miss the adder.
The adder is heavily wounded.
You closely miss the hobgoblin.
You feel sick. The hobgoblin closely misses you.
The adder bites you but does no damage.
The hobgoblin hits you but does no damage.
The adder bites you but does no damage.
Unknown command.
You feel very mighty all of a sudden.
You feel sick. The adder bites you.
* * * LOW HITPOINT WARNING * * *
The hobgoblin barely misses you.
You barely miss the adder.
The adder is heavily wounded.
You barely miss the hobgoblin.
* * * LOW HITPOINT WARNING * * *
You feel sick. The adder bites you but does no damage.
You block the hobgoblin's attack. The adder closely misses you.
Unknown command.
You feel sick. The hobgoblin hits you.
* * * LOW HITPOINT WARNING * * *
* * * LOW HITPOINT WARNING * * *
You feel sick.
You are no longer poisoned.
The adder bites you.
You die...

*,#..#,*,*.#*****,* *,*
*,#..#,*,*.# *,* ****,*
#,#..#,*,*.# *,* *,,,,*
#.#..#,,,*.# *,* *,****
#.#..#####.# *,# *,* #..........#
*.# *,* ###.......#######.# *,*
#.+.......'.......# *,*
#.#.......##.@.g###******,*
#.#.......##..S.# *,,,,*,*
####.#)......##....#***,,,,*,****
......)†.............,,,,,,,,,,,,
####.#####.........###*,,,,*,****
#.# *#..#####..#* *,,,,*,**** #.#
*..#.#**.#..***,,,,*,,,,, #.#
*,*,#.#,#,#..**,,,,,,,,,, #.#
*,**,#[*,**..*****,,,,,,,


You could see an adder and a hobgoblin.

Vanquished Creatures
  An adder (D:2)
  A worm (D:2)
  A dart slug (D:2)
  3 bats (D:2)
  9 endoplasms
  3 giant cockroaches
  4 goblins
  3 hobgoblins (D:1)
  3 ball pythons
  3 frilled lizards
  4 kobolds
  3 rats
38 creatures vanquished.

Notes
Turn   | Place    | Note
-------+----------+-------------------------------------------
     0 | D:1      | uvd540 the Minotaur Fighter began the quest for the Orb.
     0 | D:1      | Reached XP level 1. HP: 19/19 MP: 0/0
   170 | D:1      | Reached XP level 2. HP: 26/27 MP: 1/1
   707 | D:2      | Found a shimmering blue altar of Sif Muna.
   925 | D:2      | Reached XP level 3. HP: 30/33 MP: 2/2
  1165 | D:2      | HP: 1/33 [poisoned by an adder]
  1165 | D:2      | Slain by an adder

Illustrated notes

Levels and vault maps discovered:
D:1:      dpeg_arrival_line_fractal, layout_basic, minivault_14
D:2:      layout_basic, basic_altar, minmay_circle_x

Skill      XL: |  1  2 |
---------------+-------+-----
Shields        | 4 |  4.2
Armour         | 4 |  4.3
Fighting       | 4 |  4.2
Axes           | 3 |  3.1

Action                   || total
-------------------------++-------
Melee: War axe           ||    57
       Headbutt          ||     7
  Use: Scroll            ||     4
       Potion            ||     1
Armor: Scale mail        ||    29
Dodge: Dodged            ||    26
Block: Buckler           ||    15
